AoeStats
← Technotronic

African Clearing

510412018Analyzed
4v4 RM · 1d ago on Sep 30, 2026· 44m 44s· 8 players
Game mode
Random Map
Map size
Large (8 player)
Population
200
Speed
Normal
Resources
Standard
Victory
Conquest
Starting age
Dark Age
Ending age
Imperial Age
RankedLock teamsTeams togetherTeam positionsShared explorationLock speedFull tech treeHidden civsTurbo modeCheats
Victory
Defeat
🇺🇸 Mongols · United States
1267
+14
🇦🇷 Varangians · Argentina
1262
+14
🇨🇳 Franks · China
1261
+14
🇲🇽 Hindustanis · Mexico
1195
+17
🇦🇷 Vietnamese · Argentina
1320
-19
🇦🇷 Maya · Argentina
1249
-16
🇮🇳 Italians · India
1164
-13
🇲🇽 Spanish · Mexico
1124
-11
Flave Tycoon
12:35 Loom
15:17 Feudal Age
26:45 Castle Age
25:51 Double-Bit Axe
25:50 Horse Collar
32:23 Fletching
34:34 Gold Mining
35:02 Bow Saw
38:02 Bodkin Arrow
41:27 Wheelbarrow
40:42 Town Watch
41:04 Padded Archer Armor
41:21 Bloodlines
41:12 Husbandry
44:54 Imperial Age
43:10 Hand Cart
43:38 Ballistics
Cdeleon
8:21 Loom
8:48 Loom
12:21 Feudal Age
14:13 Wheelbarrow
20:19 Castle Age
19:41 Double-Bit Axe
20:55 Forging
20:31 Light Cavalry
22:51 Bloodlines
22:56 Horse Collar
25:05 Husbandry
25:39 Scale Barding Armor
26:27 Elite Skirmisher
27:58 Fletching
28:21 Padded Archer Armor
31:26 Leather Archer Armor
33:18 Chain Barding Armor
33:40 Bow Saw
34:10 Iron Casting
33:39 Town Watch
35:28 Heavy Plow
39:07 Imperial Age
36:48 Bodkin Arrow
38:30 Hand Cart
39:15 Heavy Camel Rider
40:01 Bracer
40:28 Thumb Ring
40:55 Ballistics
42:10 Chemistry
42:33 Grand Trunk Road
42:45 Town Patrol
45:23 Ring Archer Armor
45:36 Conscription
余淮nb
5:14 Loom
5:34 Loom
14:53 Feudal Age
19:45 Castle Age
17:39 Double-Bit Axe
21:28 Bow Saw
24:52 Wheelbarrow
24:05 Town Watch
28:33 Gold Mining
35:17 Imperial Age
33:02 Fletching
33:35 Scale Barding Armor
34:05 Forging
34:15 Hand Cart
35:16 Chain Barding Armor
34:59 Husbandry
35:34 Cavalier
37:19 Plate Barding Armor
37:04 Chivalry
37:24 Conscription
37:29 Paladin
39:12 Iron Casting
41:36 Blast Furnace
GhosTSnihsa
13:47 Feudal Age
14:55 Loom
18:01 Castle Age
16:48 Double-Bit Axe
17:15 Bloodlines
17:15 Horse Collar
17:56 Gold Mining
23:58 Horse Collar
27:40 Scale Barding Armor
30:43 Husbandry
33:18 Wheelbarrow
35:05 Forging
39:14 Vendel Legacy
40:15 Chain Barding Armor
40:17 Town Watch
42:02 Bow Saw
45:18 Imperial Age
43:48 Iron Casting
43:01 Elite Skirmisher
43:41 Fletching
vibhuyasha
5:27 Loom
17:17 Feudal Age
22:04 Castle Age
20:44 Fletching
23:07 Pikeman
30:46 Ballistics
34:26 Bodkin Arrow
34:32 Padded Archer Armor
35:20 Double-Bit Axe
40:26 Imperial Age
39:11 Horse Collar
43:09 Conscription
43:39 Bracer
44:41 Leather Archer Armor
45:41 Chemistry
KINGUARDIANS
9:21 Loom
12:53 Feudal Age
18:13 Castle Age
16:26 Double-Bit Axe
21:23 Town Watch
31:10 Wheelbarrow
30:43 Fletching
33:05 Padded Archer Armor
35:53 Leather Archer Armor
39:17 Imperial Age
37:10 Forging
37:50 Bloodlines
37:44 Husbandry
37:53 Scale Barding Armor
37:52 Light Cavalry
39:26 Iron Casting
40:23 Chain Barding Armor
39:25 Cavalier
Technotronic
6:50 Loom
13:07 Feudal Age
14:52 Double-Bit Axe
17:36 Castle Age
16:49 Gold Mining
16:39 Horse Collar
18:25 Heavy Plow
18:35 Bow Saw
20:26 Wheelbarrow
20:18 Town Watch
21:05 Fletching
22:01 Bodkin Arrow
23:52 Ballistics
27:40 Padded Archer Armor
30:45 Hand Cart
36:53 Imperial Age
38:18 Squires
38:04 Arson
37:43 Eagle Warrior
39:14 Crop Rotation
39:58 Scale Mail Armor
40:08 Forging
39:45 Arson
40:31 Conscription
40:09 Elite Eagle Warrior
42:35 Chain Mail Armor
42:56 Iron Casting
43:59 Chemistry
44:16 Holcans
el Paly
7:38 Loom
14:22 Feudal Age
16:31 Double-Bit Axe
16:31 Horse Collar
16:57 Fletching
25:09 Castle Age
25:29 Crossbowman
28:41 Bodkin Arrow
32:59 Gold Mining
33:47 Wheelbarrow
34:45 Padded Archer Armor
36:45 Ballistics
Connection lost

Rejoining the realm…

Still unreachable

The connection could not be restored.

Session expired

The server has moved on; the page needs a fresh start.